 Dungeon Crawl Stone Soup version 0.22-a0-231-g1b571ea (webtiles) character file.

592 RoseArtemis the Chopper (level 7, -3/61 HPs)
             Began as a Minotaur Fighter on Feb 20, 2018.
             Slain by a gnoll sergeant
             ... wielding a +3 trident of protection
              (6 damage)
             ... on level 5 of the Dungeon.
             The game lasted 00:11:59 (5615 turns).

RoseArtemis the Chopper (Minotaur Fighter)          Turns: 5615, Time: 00:12:00

Health: -3/61      AC:  8    Str: 23    XL:     7   Next: 16%
Magic:  6/6        EV:  7    Int:  5    God:
Gold:   314        SH: 10    Dex:  9    Spells: 6/6 levels left

rFire    . . .     SeeInvis .   a - +0 war axe
rCold    . . .     Gourm    .   c - +0 shield
rNeg     . . .     Faith    .   b - +0 scale mail
rPois    .         Spirit   .   (helmet restricted)
rElec    .         Reflect  .   (no cloak)
rCorr    .         Harm     .   h - +0 pair of gloves
MR       .....                  (no boots)
Stlth    ..........             (no amulet)
HPRegen  0.20/turn              (no ring)
MPRegen  0.10/turn              (no ring)

@: no status effects
A: retaliatory headbutt, horns 2
a: no special abilities


You were on level 5 of the Dungeon.
You were not hungry.

You visited 1 branch of the dungeon, and saw 5 of its levels.

You collected 314 gold pieces.

Inventory:

Hand Weapons
 a - a +0 war axe (weapon)
 l - a +0 hunting sling
 q - a +0 war axe
 t - a +0 hand axe
Armour
 b - a +0 scale mail (worn)
 c - a +0 shield (worn)
 h - a +0 pair of gloves (worn)
Scrolls
 e - 7 scrolls of remove curse
 k - a scroll of identify
 p - 2 scrolls of amnesia
 r - a scroll of immolation
 x - a scroll of enchant weapon {unknown}
Potions
 d - a potion of might
 i - a potion of flight {unknown}
 m - 2 potions of berserk rage {unknown}
 n - a potion of ambrosia {unknown}
 o - a potion of curing {unknown}
 s - a potion of magic {unknown}
 v - a potion of lignification {unknown}
 w - a potion of agility {unknown}
Comestibles
 f - 7 rations
 g - 4 chunks of flesh


   Skills:
 + Level 5.5 Fighting
 * Level 6.5 Axes
 + Level 5.5 Armour
 - Level 5.0 Shields


You had 6 spell levels left.
You didn't know any spells.

Dungeon Overview and Level Annotations

Branches:
Dungeon (5/15)
 Temple: D:4-7

Altars:
Zin


Innate Abilities, Weirdness & Mutations

You reflexively headbutt those who attack you in melee.
You have a pair of horns on your head.


Message History

You block the gnoll's attack.
Your shield and scale mail prevent you from hitting the gnoll sergeant.
The gnoll sergeant is moderately wounded.
You barely miss the orc. You block the gnoll sergeant's attack.
The gnoll closely misses you. The orc hits you but does no damage.
Your shield and scale mail prevent you from hitting the gnoll sergeant.
You headbutt the gnoll sergeant, but do no damage.
The gnoll sergeant is moderately wounded.
You slash the orc!
You kill the orc!
The gnoll sergeant hits you with a trident of protection.
* * * LOW HITPOINT WARNING * * *
The gnoll closely misses you. The gnoll sergeant blocks your attack.
The gnoll sergeant is moderately wounded.
You block the gnoll sergeant's attack.
The gnoll hits you from afar with a halberd.
* * * LOW HITPOINT WARNING * * *
The gnoll sergeant hits you with a trident of protection.
You die...

............###..[.....##
............# #.......##
#####.......# #.......#
##......# ##.....##
#......# #....## ####...#
#....# ##..# ###### #..#
#)@###### #.go....##
#oog....... #..........
#..[....... #...........
.....((.......
................
#####........?..


You could see a gnoll sergeant, an orc wizard, a gnoll and 2 orcs.

Vanquished Creatures
  An ogre (D:4)
  A scorpion (D:4)
  A bullfrog skeleton (D:5)
  A jelly (D:4)
  Jessica (D:2)
  Natasha (thrice) (D:2)
  A worker ant (D:4)
  The ghost of Amnesiac the Charlatan, a weakling SpAr (D:4)
  7 gnolls
  7 adders
  9 oozes
  5 worms
  4 dart slugs
  4 leopard geckos
  2 orcs (D:5)
  5 giant cockroaches
  11 goblins
  4 hobgoblins
  A quokka (D:3)
  A ball python (D:1)
  6 bats
  A frilled lizard (D:2)
  10 kobolds
  A leopard gecko skeleton (D:5)
  6 rats
94 creatures vanquished.

Vanquished Creatures (others)
  A fungus (D:4)
  9 toadstools (D:4)
10 creatures vanquished.

Grand Total: 104 creatures vanquished

Notes
Turn   | Place    | Note
-------+----------+-------------------------------------------
     0 | D:1      | RoseArtemis the Minotaur Fighter began the quest for the Orb.
     0 | D:1      | Reached XP level 1. HP: 19/19 MP: 0/0
   240 | D:1      | Reached XP level 2. HP: 27/27 MP: 1/1
   270 | D:1      | Reached skill level 3 in Axes
   718 | D:2      | Found a glowing silver altar of Zin.
   718 | D:2      | Noticed an angel
   864 | D:2      | Reached XP level 3. HP: 25/33 MP: 2/2
  1114 | D:2      | Noticed Natasha
  1121 | D:2      | Killed Natasha
  1290 | D:2      | Noticed Jessica
  1294 | D:2      | Killed Jessica
  1294 | D:2      | Reached skill level 4 in Axes
  1294 | D:2      | Reached XP level 4. HP: 35/40 MP: 3/3
  1405 | D:2      | Noticed Natasha
  1417 | D:2      | Killed Natasha
  1505 | D:2      | Noticed Natasha
  1514 | D:2      | Killed Natasha
  1514 | D:2      | Reached XP level 5. HP: 23/47 MP: 4/4
  3054 | D:3      | Reached skill level 5 in Axes
  3658 | D:4      | Noticed Amnesiac's ghost (weakling SpAr)
  3670 | D:4      | Killed Amnesiac's ghost
  3670 | D:4      | Reached XP level 6. HP: 46/55 MP: 5/5
  4138 | D:4      | Reached skill level 5 in Fighting
  4138 | D:4      | Reached skill level 5 in Armour
  4138 | D:4      | Reached skill level 5 in Shields
  4864 | D:4      | Reached skill level 6 in Axes
  4874 | D:4      | Reached XP level 7. HP: 52/61 MP: 6/6
  5246 | D:5      | Entered Level 5 of the Dungeon
  5615 | D:5      | HP: 3/61 [gnoll/halberd (5)]
  5615 | D:5      | Slain by a gnoll sergeant

Vault maps used:
D:1:      dpeg_arrival_shelter, serial_glass, glass_columns_c, glass_columns_a,
          glass_columns_a, glass_columns_c, glass_columns_a,
          palyth_stone_intersect, minmay_misc_feat_more_columns,
          hangedman_glass_garden
D:2:      zin_angel, minmay_pentomino_q4, uniq_natasha, uniq_jessica
D:3:      cheibrodos_sewer_entry_drain
D:4:      cheibrodos_fertilizer, first_ration
D:5:      minmay_temple_entry_metal_lava

Skill      XL: |  1  2  3  4  5  6 |
---------------+-------------------+-----
Axes           | 3 4 5 6 |  6.5
Fighting       | 4 5 |  5.5
Armour         | 4 5 |  5.5
Shields        | 4 5 |  5.0

Action                   |  1- 3 |  4- 6 |  7- 9 || total
-------------------------+-------+-------+-------++-------
Melee: War axe           |    52 |   171 |    35 ||   258
       Headbutt          |     6 |    19 |     9 ||    34
Throw: Throwing net      |       |     1 |     3 ||     4
  Use: Scroll            |     1 |       |     4 ||     5
       Potion            |       |     2 |     1 ||     3
  Eat: Chunk             |     1 |    10 |     1 ||    12
       Ration            |       |       |     1 ||     1
Armor: Scale mail        |    20 |    53 |     7 ||    80
Dodge: Dodged            |    14 |    60 |     9 ||    83
Block: Shield            |    18 |   116 |    19 ||   153

Table legend:
 A = Spawn XP
 B = Non-spawn XP
 C = Spawn XP percentage of total XP
 D = Spawn monster count
 E = Non-spawn monster count
 F = Spawn count percentage of total count
 G = Total turns spent on level
                    A         B        C        D         E        F      G
               +---------+---------+-------+---------+---------+-------+---------
         Total |       0 |     847 |   0.0 |       0 |      94 |   0.0 |  5615
               +---------+---------+-------+---------+---------+-------+---------
           D:1 |       0 |      30 |   0.0 |       0 |      13 |   0.0 |   715
           D:2 |       0 |     193 |   0.0 |       0 |      20 |   0.0 |  1633
           D:3 |       0 |     148 |   0.0 |       0 |      29 |   0.0 |  1310
           D:4 |       0 |     376 |   0.0 |       0 |      23 |   0.0 |  1588
           D:5 |       0 |     100 |   0.0 |       0 |       9 |   0.0 |   369
               +---------+---------+-------+---------+---------+-------+---------
